 Dungeon Crawl Stone Soup version 0.29-a0-101-g0f647bec9a (webtiles) character file.

Game seed: 8563202403963201793

570 EiAlmux the Skirmisher (level 7, -7/62 HPs)
             Began as a Minotaur Fighter on Feb 15, 2022.
             Was an Initiate of Trog.
             Mangled by an orc warrior (13 damage)
             ... on level 6 of the Dungeon.
             The game lasted 00:09:14 (5384 turns).

EiAlmux the Skirmisher (Minotaur Fighter)           Turns: 5384, Time: 00:09:15

Health: -7/62      AC:  7    Str: 28    XL:     7   Next: 11%
Magic:  6/6        EV:  9    Int:  5    God:    Trog [......]
Gold:   228        SH:  4    Dex: 10    Spells: 6/6 levels left

rFire   . . .      SeeInvis .   a - +0 war axe
rCold   . . .      Faith    .   c - +0 buckler
rNeg    . . .      Spirit   .   b - +0 scale mail
rPois   .          Reflect  .   (helmet restricted)
rElec   .          Harm     .   (no cloak)
rCorr   .          Rampage  .   (no gloves)
Will    .....                   (no boots)
Stlth   +.........              (no amulet)
HPRegen 0.20/turn               n - +6 ring of strength
MPRegen 0.10/turn               (no ring)

@: hasted, very quick
A: horns 2, retaliatory headbutt
a: Renounce Religion


You were on level 6 of the Dungeon.
You worshipped Trog.
Trog was noncommittal.
You visited 2 branches of the dungeon, and saw 7 of its levels.

You collected 228 gold pieces.

Inventory:

Hand Weapons
 a - a +0 war axe (weapon)
 r - a +0 short sword of venom
Armour
 b - a +0 scale mail (worn)
 c - a +0 buckler (worn)
 t - a +0 pair of boots
Jewellery
 g - a ring of wizardry
 n - a +6 ring of strength (left hand)
 z - a +6 ring of intelligence
Wands
 d - a wand of flame (23)
 u - a wand of digging (6)
Scrolls
 e - a scroll of teleportation
 h - 2 scrolls of magic mapping {unknown}
 k - 2 scrolls of holy word {unknown}
 o - 2 scrolls of vulnerability {unknown}
 p - a scroll of enchant armour {unknown}
 q - a scroll of immolation {unknown}
 v - a scroll of brand weapon {unknown}
 w - 4 scrolls of amnesia {unknown}
 y - a scroll of identify {unknown}
 A - 2 scrolls of torment {unknown}
Potions
 f - a potion of haste
 i - 2 potions of curing
 j - a potion of heal wounds {unknown}
 m - a potion of flight {unknown}
 s - a potion of ambrosia {unknown}
 x - a potion of invisibility {unknown}


   Skills:
 + Level 5.7 Fighting
 - Level 4.0 Axes
 + Level 5.7 Armour
 - Level 4.0 Stealth
 - Level 4.0 Shields


You had 6 spell levels left.
You didn't know any spells.
Your spell library contained the following spells:

 Spells                   Type           Power      Damage    Failure   Level
 Scorch                   Fire           0%         2d5       91%         2
 Ozocubu's Armour         Ice            0%         N/A       99%         3
 Flame Wave               Conj/Fire      0%         2d4       100%        4
 Metabolic Englaciation   Hex/Ice        0%         N/A       100%        5
 Simulacrum               Ice/Necr       0%         N/A       100%        6
 Summon Cactus Giant      Summ           0%         N/A       100%        6


Dungeon Overview and Level Annotations

Branches:
Dungeon (6/15)             Temple (1/1) D:5

Altars:
Ashenzari
Dithmenos
Elyvilon
Hepliaklqana
Kikubaaqudgha
Nemelex Xobeh
Okawaru
Qazlal
Ru
Sif Muna
Trog
Uskayaw
Vehumet
Wu Jian
Yredelemnul
The Shining One


Innate Abilities, Weirdness & Mutations

You have a pair of horns on your head.
You reflexively headbutt those who attack you in melee.


Message History

You hear an angry hiss.
An orc comes into view.
It is wielding a +0 war axe and wearing a +0 leather armour of fire resistance.
You hit the orc warrior but do no damage.
Your headbutt misses the orc warrior.
The orc warrior hits you with a +0 flail!
You closely miss the orc warrior. Your headbutt misses the orc warrior.
The orc warrior closely misses you. You furiously retaliate!
You headbutt the orc warrior! You closely miss the orc warrior.
The orc warrior is moderately wounded.
The orc warrior hits you with a +0 flail!
You hit the orc warrior.
The orc warrior is heavily wounded.
You block the orc warrior's attack.
The orc warrior hits you with a +0 flail!
You hit the orc warrior but do no damage.
The orc warrior is heavily wounded.
The orc warrior misses you.
The orc priest mumbles some strange prayers to Beogh against you.
Beogh smites you!
You hear a shout!
You hit the orc warrior but do no damage.
You headbutt the orc warrior!
The orc warrior is almost dead.
You hear a bark!
The orc warrior hits you with a +0 flail.
You closely miss the orc warrior.
The orc warrior is almost dead.
The orc warrior hits you with a +0 flail!
* * * LOW HITPOINT WARNING * * *
You block the orc warrior's attack.
It was a potion of curing.
You feel better.
The orc warrior hits you with a +0 flail!
* * * LOW HITPOINT WARNING * * *
It was a potion of haste.
You feel yourself speed up.
The orc wizard gestures wildly while chanting.
The orc wizard flickers and vanishes!
Deactivating autopickup; reactivate with Ctrl-A.
The orc warrior hits you with a +0 flail!
You die...

.#.# .o ####... o.
#....# o ####....+
.# .####
#..#....###o#
......#...........#
#..<...####.#
######....##{#
...........@oo#
........#.#####
........#...
.....##.##### .....
... .... #.# ....
#.. #.


You could see an orc warrior and an orc priest.

Vanquished Creatures
  A sky beast (D:5)
  A phantom (D:4)
  A scorpion (D:5)
  A hound (D:5)
  An orc priest (D:5)
  An iguana (D:5)
  An orc wizard (D:5)
  A scorpion zombie (D:5)
  A hound skeleton (D:5)
  2 adders
  3 gnolls (D:3)
  2 worms (D:3)
  4 dart slugs
  6 orcs
  5 endoplasms
  3 giant cockroaches
  4 goblins
  5 hobgoblins
  3 jackals (D:4)
  10 kobolds
  A quokka (D:2)
  4 ball pythons
  4 bats
  6 frilled lizards
  4 rats
75 creatures vanquished.

Vanquished Creatures (collateral kills)
  2 orc priests (D:5)
2 creatures vanquished.

Grand Total: 77 creatures vanquished

Notes
Turn   | Place    | Note
-------+----------+-------------------------------------------
     0 | D:1      | EiAlmux the Minotaur Fighter began the quest for the Orb.
     0 | D:1      | Reached XP level 1. HP: 19/19 MP: 0/0
    90 | D:1      | Found a faded altar of an unknown god.
   396 | D:1      | Reached XP level 2. HP: 27/27 MP: 1/1
   875 | D:2      | Reached skill level 1 in Stealth
  1394 | D:2      | Reached XP level 3. HP: 32/33 MP: 2/2
  1982 | D:3      | Found an ornate altar of the Wu Jian Council.
  2319 | D:3      | Reached XP level 4. HP: 40/40 MP: 3/3
  3484 | D:4      | Noticed a phantom
  3497 | D:5      | Entered Level 5 of the Dungeon
  3511 | D:5      | Found a staircase to the Ecumenical Temple.
  3520 | D:5      | Reached XP level 5. HP: 29/47 MP: 4/4
  3559 | D:4      | Killed a phantom
  4082 | D:5      | Noticed a black bear
  4198 | Temple   | Entered the Ecumenical Temple
  4251 | Temple   | Became a worshipper of Trog the Wrathful
  4303 | D:5      | Reached XP level 6. HP: 51/53 MP: 5/5
  4303 | D:5      | Noticed an orc warrior
  4657 | D:5      | Reached skill level 5 in Fighting
  4657 | D:5      | Reached skill level 5 in Armour
  5157 | D:5      | Noticed a sky beast
  5167 | D:5      | Killed a sky beast
  5168 | D:5      | Reached XP level 7. HP: 29/62 MP: 6/6
  5384 | D:6      | Mangled by an orc warrior

Illustrated notes

Levels and vault maps discovered:
D:1:      saegor_arrival_simple_b, layout_basic, basic_ecumenical_altar
D:2:      layout_loops_ring, minmay_misc_feat_doors
D:3:      minmay_angry_zag, layout_basic, nzn_wu_jian_contemplation
D:4:      layout_cave_pools
D:5:      layout_basic, slow_altar_2, minmay_temple_entry_proselytizer
D:6:      layout_basic, grunt_temple_overflow_order_and_chaos_1
Temple:   eino_wide_crystal_templ

Skill      XL: |  1  2  3  4  5  6 |
---------------+-------------------+-----
Stealth        | 1 2 3 4 |  4.0
Fighting       | 4 5 |  5.7
Armour         | 4 5 |  5.7
Axes           | 3 4 |  4.0
Shields        | 4 |  4.0

Action                   |  1- 3 |  4- 6 |  7- 9 || total
-------------------------+-------+-------+-------++-------
Melee: War axe           |   109 |    96 |     7 ||   212
       Headbutt          |    12 |    15 |     1 ||    28
  Use: Scroll            |     2 |     3 |       ||     5
       Potion            |       |     1 |     2 ||     3
Armor: Scale mail        |    41 |    45 |       ||    86
Dodge: Dodged            |    50 |    38 |     2 ||    90
Block: Buckler           |    29 |    20 |     2 ||    51

Table legend: (Time is in decaauts)
 A = Elapsed time spent in this place.
 B = Non-inter-level travel time spent in this place.
 C = Inter-level travel time spent in this place.
 D = Time resting spent in this place.
 E = Time spent auto-exploring this place.
 F = Levels seen in this place.
 G = Mean time per level.
                   A        B        C        D        E       F      G
               +--------+--------+--------+--------+--------+-----+--------+
         Total |   5469 |   5182 |    287 |    273 |   4126 |   7 |  781.3 |
       Dungeon |   5392 |   5128 |    264 |    273 |   4087 |   6 |  898.7 |
        Temple |     77 |     54 |     23 |      0 |     39 |   1 |   77.0 |
               +--------+--------+--------+--------+--------+-----+--------+

Top non-repeatable levels by time:
     D:3: 1512 daAuts
     D:5: 1069 daAuts
     D:4: 1059 daAuts
     D:2: 994 daAuts
     D:1: 726 daAuts
  Temple: 77 daAuts
     D:6: 29 daAuts
